 Dungeon Crawl Stone Soup version 0.30-a0-250-g41c1d76940 (webtiles) character file.

Game seed: 4050710368163288060

28 Flugkiller the Sneak (level 3, 0/26 HPs)
             Began as an Octopode Delver on Oct 12, 2022.
             Was an Initiate of Hepliaklqana.
             Succumbed to a scorpion's poison
             ... on level 5 of the Dungeon on Oct 13, 2022.
             The game lasted 00:00:30 (74 turns).

Flugkiller the Sneak (Octopode Delver)                Turns: 74, Time: 00:00:31

Health: 0/26       AC:  1    Str: 11    XL:     3   Next: 12%
Magic:  3/3        EV: 14    Int: 12    God:    Hepliaklqana [......]
Gold:   0          SH:  0    Dex: 15    Spells: 2/2 levels left

rFire   . . .      SeeInvis +    a - +0 short sword
rCold   . . .      Faith    .    (no shield)
rNeg    . . .      Spirit   .    (helmet restricted)
rPois   .          Reflect  .    (no amulet)
rElec   .          Harm     .    i - ring of see invisible
rCorr   .          Rampage  .    (no ring)
Will    .....                    (no ring)
Stlth   ++++......               (no ring)
HPRegen 0.24/turn                (no ring)
MPRegen 0.08/turn                (no ring)
                                 (no ring)
                                 (no ring)

@: lethally poisoned (0 -> -22)
A: almost no armour, amphibious, 8 rings, camouflage 1, gelatinous body 1,
(nimble swimmer 1), tentacles
a: Renounce Religion


You were on level 5 of the Dungeon.
You worshipped Hepliaklqana.
Hepliaklqana was noncommittal.
You visited 1 branch of the dungeon, and saw 1 of its levels.

Inventory:

Hand Weapons
 a - a +0 short sword (weapon)
Jewellery
 i - a ring of see invisible (left tentacle)
   (You found it on level 5 of the Dungeon)
Wands
 f - a wand of digging (3)
Scrolls
 b - a scroll of fog
 c - a scroll of magic mapping
 d - a scroll of fear
Potions
 h - a potion of haste


   Skills:
 - Level 3.0 Fighting
 - Level 2.0 Short Blades
 + Level 3.5 Dodging
 - Level 6.6 Stealth


You had 2 spell levels left.
You didn't know any spells.
Your spell library contained the following spells:

 Spells                   Type           Power      Damage    Failure   Level
 Freezing Cloud           Conj/Ice/Air   0%         6-21      100%        5
 Simulacrum               Ice/Necr       0%         N/A       100%        6
 Polar Vortex             Ice            0%         N/A       100%        9


Dungeon Overview and Level Annotations

Branches:
Dungeon (5/15) Zot: 5927
 Temple: D:4-7

Altars:
Dithmenos
Hepliaklqana


Innate Abilities, Weirdness & Mutations

You cannot wear most types of armour.
You are amphibious.
You can wear up to eight rings at the same time.
Your skin changes colour to match your surroundings (Stealth+).
Your rubbery body absorbs attacks. (AC +1, EV +1)
((You are camouflaged when in or above water. (Stealth+)))
You have tentacles for arms and can constrict up to eight enemies at once.


Message History

Welcome, Flugkiller the Octopode Delver.
If you return without finding the Orb of Zot, so far below, it's all over!
Press ? for a list of commands and other information.
Found a stone staircase leading down.
Found a chain mail.
Found a shadowy altar of Dithmenos.
Found a book of Ice.
A hound comes into view.
Found an emerald ring.
You pick up a book of Ice and begin reading...
You add the spells Freezing Cloud, Simulacrum and Polar Vortex to your library.
i - a ring of see invisible
i - a ring of see invisible (left tentacle)
The helpless hound fails to defend itself.
You puncture the hound! You grab the hound.
The hound is almost dead.
You constrict the hound. The hound misses you.
You hit the hound.
You kill the hound!
Your Dodging skill increases to level 3!
You have reached level 2!
You have reached level 3!
Your experience leads to an increase in your attributes!
Increase (S)trength, (I)ntelligence, or (D)exterity?
You feel agile. x2
Found a hazy altar of Hepliaklqana.
Press: ? - help, v - describe, . - travel The floor.
There is a cloud of thin mist here.
There is a hazy altar of Hepliaklqana here.
You curl up in front of the altar of Hepliaklqana.
Hepliaklqana welcomes you!
A scorpion comes into view.
A scorpion is nearby!
You hit the scorpion. Your grab misses the scorpion.
You squeeze the scorpion, but do no damage.
The scorpion is moderately wounded.
The scorpion stings you.
You hit the scorpion. You grab the scorpion.
You squeeze the scorpion, but do no damage.
The scorpion is moderately wounded.
You constrict the scorpion, but do no damage.
The scorpion stings you.
You are poisoned.
The scorpion poisons you! The scorpion stings you.
You are too injured to fight recklessly!
You are too injured to fight recklessly!
You hit the scorpion but do no damage.
The scorpion is moderately wounded.
You constrict the scorpion.
You feel very sick. The scorpion barely misses you.
Okay, then.
You hit the scorpion but do no damage.
The scorpion is heavily wounded.
You constrict the scorpion, but do no damage.
You feel sick. The scorpion closely misses you.
Unknown command.
You hit the scorpion.
You squeeze the scorpion, but do no damage.
The scorpion is heavily wounded.
You constrict the scorpion.
You feel sick. The scorpion stings you.
* * * LOW HITPOINT WARNING * * *
You are more poisoned.
The scorpion poisons you!
Unknown command.
You hit the scorpion. You squeeze the scorpion.
You kill the scorpion!
You die...

### #.. #.# ######.# #.#
#......# #.# #.###### #
###.###.## ### .#
>....#...#####.###.#
###..#.............#..#.
###..#...###†...@......^
#.......###.#.###.......
........##.#...# #.#....
........###....# #.#.#.
#..............# ##
#.......#####......
#.......[.......##.
#......########...
######## ####


There were no monsters in sight!

Vanquished Creatures
  A scorpion (D:5)
  A hound (D:5)
2 creatures vanquished.

Notes
Turn   | Place    | Note
-------+----------+-------------------------------------------
     0 | D:5      | Flugkiller the Octopode Delver began the quest for the Orb.
     0 | D:5      | Reached XP level 1. HP: 16/16 MP: 1/1
     4 | D:5      | Found a shadowy altar of Dithmenos.
     4 | D:5      | Noticed a shadow
    10 | D:5      | Noticed a hound
    28 | D:5      | Killed a hound
    29 | D:5      | Reached XP level 2. HP: 21/21 MP: 2/2
    29 | D:5      | Reached XP level 3. HP: 26/26 MP: 3/3
    36 | D:5      | Found a hazy altar of Hepliaklqana.
    47 | D:5      | Became a worshipper of Hepliaklqana the Forgotten
    63 | D:5      | Noticed a scorpion
    74 | D:5      | Killed a scorpion
    74 | D:5      | Succumbed to a scorpion's poison

Illustrated notes

Levels and vault maps discovered:
D:5:      layout_loops_ring, riverfiend_overflow_shadow_ancestor,
          grunt_qazlal_sundering, mainiacjoe_overflow_tiny_flanked,
          goddamned_bats

Skill      XL: |  1 |
---------------+----+-----
Dodging        | 3 |  3.5
Fighting       | |  3.0
Short Blades   | |  2.0
Stealth        | |  6.6

Action                   || total
-------------------------++-------
Melee: Short sword       ||     8
       Constrict         ||     2
       Tentacles         ||     4
 Stab: Sleeping          ||     1
Dodge: Dodged            ||     3

Table legend: (Time is in decaauts)
 A = Elapsed time spent in this place.
 B = Non-inter-level travel time spent in this place.
 C = Inter-level travel time spent in this place.
 D = Time resting spent in this place.
 E = Time spent auto-exploring this place.
 F = Levels seen in this place.
 G = Mean time per level.
                   A        B        C        D        E       F      G
               +--------+--------+--------+--------+--------+-----+--------+
         Total |     72 |     72 |      0 |      0 |     12 |   1 |   72.0 |
       Dungeon |     72 |     72 |      0 |      0 |     12 |   1 |   72.0 |
               +--------+--------+--------+--------+--------+-----+--------+

Top non-repeatable levels by time:
     D:5: 72 daAuts
